AoeStats
← elijamesleon2

Black Forest

509961215Analyzed
4v4 RM · 3d ago on Sep 28, 2026· 57m 1s· 8 players
Game mode
Random Map
Map size
Large (8 player)
Population
200
Speed
Normal
Resources
Standard
Victory
Conquest
Starting age
Dark Age
Ending age
Imperial Age
RankedLock teamsTeams togetherTeam positionsShared explorationLock speedFull tech treeHidden civsTurbo modeCheats
Victory
Defeat
🇺🇸 Persians · United States
809
+10
🇺🇸 Koreans · United States
776
+11
🇺🇸 Spanish · United States
686
+15
🇩🇪 Shu · Germany
512
+23
🇺🇸 Slavs · United States
688
-16
🇺🇸 Britons · United States
663
-15
🇮🇹 Franks · Italy
656
-14
🇮🇹 Khmer · Italy
655
-14
Normal Archer Number 3
10:38 Loom
12:24 Feudal Age
18:14 Castle Age
18:53 Double-Bit Axe
19:22 Bloodlines
19:46 Horse Collar
20:11 Husbandry
23:00 Scale Barding Armor
30:51 Chain Barding Armor
36:14 Light Cavalry
44:26 Imperial Age
44:20 Heavy Plow
44:58 Wheelbarrow
47:32 Hand Cart
46:39 Cavalier
53:41 Scale Mail Armor
Nikuni3544
2:34 Loom
14:54 Feudal Age
16:11 Gold Mining
16:04 Horse Collar
16:13 Double-Bit Axe
17:38 Wheelbarrow
19:23 Padded Archer Armor
19:16 Fletching
24:31 Castle Age
24:47 Crossbowman
25:45 Leather Archer Armor
25:25 Bodkin Arrow
25:37 Stone Mining
27:09 Gold Shaft Mining
27:01 Heavy Plow
28:43 Bow Saw
28:28 Pikeman
30:19 Stone Shaft Mining
34:33 Imperial Age
35:09 Arbalester
35:20 Capped Ram
37:18 Crop Rotation
38:02 Chemistry
37:24 Ballistics
39:11 Conscription
38:57 Tusk Swords
41:13 Elite Ballista Elephant
46:40 Onager
47:50 Halberdier
Ling Lady
9:12 Loom
12:02 Feudal Age
13:44 Horse Collar
17:03 Gold Mining
19:29 Castle Age
19:31 Fletching
19:44 Padded Archer Armor
20:16 Crossbowman
20:58 Stone Mining
21:38 Double-Bit Axe
22:49 Bodkin Arrow
32:04 Imperial Age
30:24 Leather Archer Armor
31:42 Town Watch
32:15 Arbalester
32:49 Capped Ram
34:46 Elite Longbowman
37:36 Onager
47:58 Gold Shaft Mining
47:39 Bow Saw
Dokuni
11:54 Feudal Age
10:10 Loom
20:13 Castle Age
21:27 Double-Bit Axe
21:35 Gold Mining
21:35 Stone Mining
21:55 Scale Barding Armor
22:24 Bow Saw
23:54 Husbandry
23:18 Light Cavalry
25:09 Forging
28:51 Chain Barding Armor
29:07 Iron Casting
30:55 Gold Shaft Mining
34:43 Ballistics
37:58 Imperial Age
40:51 Imperial Age
43:15 Cavalier
46:48 Chivalry
48:36 Plate Barding Armor
49:02 Blast Furnace
49:20 Chemistry
48:30 Pikeman
48:31 Man-at-Arms
53:18 Paladin
53:23 Halberdier
53:24 Long Swordsman
53:25 Halberdier
54:05 Squires
elijamesleon2
1:20 Loom
19:29 Feudal Age
22:15 Horse Collar
23:08 Double-Bit Axe
24:27 Wheelbarrow
27:36 Castle Age
26:12 Wheelbarrow
25:32 Gold Mining
28:37 Stone Mining
30:23 Wheelbarrow
31:35 Fortified Wall
33:21 Fervor
34:02 Heavy Plow
34:41 Stone Shaft Mining
34:22 Bow Saw
40:21 Imperial Age
39:34 Scale Barding Armor
39:40 Forging
42:28 Supremacy
44:27 Chemistry
46:00 Hand Cart
49:55 Inquisition
49:19 Elite Conquistador
50:59 Coinage
50:39 Caravan
ZaddyStacks
0:44 Loom
14:43 Feudal Age
16:40 Wheelbarrow
15:55 Double-Bit Axe
15:53 Horse Collar
18:25 Gold Mining
18:26 Stone Mining
24:50 Castle Age
26:47 Fortified Wall
26:54 Bow Saw
28:15 Fletching
32:22 Caravan
36:17 Imperial Age
35:31 Gold Shaft Mining
36:38 Hand Cart
37:29 Conscription
37:36 Bodkin Arrow
38:29 Heavy Plow
38:02 Heavy Rocket Cart
40:34 Two-Man Saw
40:18 Elite War Wagon
42:04 Chemistry
46:53 Shinkichon
47:14 Bracer
47:40 Ballistics
53:14 Siege Engineers
cedric1112
0:53 Loom
WavyRackz
0:31 Loom
6:21 Loom
11:27 Feudal Age
16:50 Castle Age
15:42 Double-Bit Axe
15:58 Horse Collar
18:13 Wheelbarrow
19:51 Stone Mining
22:51 Hand Cart
25:01 Town Watch
25:54 Scale Barding Armor
26:11 Heavy Plow
27:26 Bow Saw
27:16 Gold Mining
28:15 Town Patrol
29:00 Gold Shaft Mining
28:38 Forging
29:38 Stone Shaft Mining
29:45 Stone Shaft Mining
31:08 Chain Barding Armor
34:33 Imperial Age
32:15 Husbandry
32:25 Bloodlines
32:56 Iron Casting
34:26 Elite War Elephant
35:27 Conscription
36:13 Plate Barding Armor
38:18 Blast Furnace
39:28 Crop Rotation
40:01 Two-Man Saw
40:01 Coinage
50:46 Banking
56:02 Spies/Treason
Connection lost

Rejoining the realm…

Still unreachable

The connection could not be restored.

Session expired

The server has moved on; the page needs a fresh start.